Map: 2000 Atmospheres LE

Players

MaNa

  • Race: Protoss Protoss

Serral - Winner!

  • Race: Zerg Zerg

Event: DreamHack SC2 Masters 2021 Winter

VOD

Have the link to the VOD?

Description

Time

  • Played on: Oct. 5, 2021, 1:31 p.m.
  • Length: 32:15

All games in this series

Show
View Real Time Build Order
Export as new Build Order

MaNa Protoss 

Build Orders: 1 Gate Expand, Oracle Opening, Carriers, Zealot Archon 

Get SALT Encoding   

  12  0:00  Probe  
  13  0:12  Probe  
  14  0:19  Pylon  
  14  0:24  Probe  
  15  0:37  Probe (Chrono Boost)  
  15  0:41  Gateway  
  16  0:46  Probe (Chrono Boost)  
  16  0:49  Assimilator  
  17  0:51  Probe (Chrono Boost)  
  18  1:03  Probe  
  19  1:15  Probe  
  20  1:26  Nexus  
  20  1:37  Cybernetics Core  
  20  1:40  Probe (Chrono Boost)  
  21  1:48  Assimilator  
  21  1:50  Probe (Chrono Boost)  
  22  1:56  Pylon  
  22  1:57  Probe  
  23  2:14  Probe (Chrono Boost)  
  23  2:15  Stargate  
  24  2:19  Adept  
  26  2:26  Warp Gate, Probe (Chrono Boost)  
  27  2:36  Probe (Chrono Boost)  
  28  2:40  Probe (Chrono Boost)  
  30  2:47  Probe x2 (Chrono Boost)  
  30  2:49  Adept  
  33  2:52  Probe (Chrono Boost)  
  33  2:53  Probe, Void Ray (Chrono Boost)  
  35  3:05  Probe  
  40  3:11  Probe  
  41  3:17  Probe  
  42  3:22  Pylon  
  42  3:23  Probe  
  43  3:29  Probe  
  43  3:33  Nexus  
  44  3:35  Probe  
  45  3:41  Probe  
  45  3:45  Oracle (Chrono Boost)  
  45  3:46  Gateway  
  45  3:48  Probe  
  50  3:54  Probe  
  51  3:56  Pylon  
  51  4:00  Probe, Assimilator  
  52  4:02  Assimilator  
  52  4:06  Probe  
  52  4:08  Stargate  
  53  4:12  Probe  
  53  4:15  Void Ray  
  54  4:18  Probe  
  60  4:24  Probe  
  60  4:27  Shield Battery  
  60  4:30  Probe  
  61  4:36  Probe, Pylon  
  62  4:39  Forge  
  62  4:44  Probe  
  63  4:46  Probe  
  63  4:47  Void Ray  
  63  4:48  Probe, Protoss Air Weapons Level 1  
  65  4:56  Probe  
  65  4:57  Void Ray  
  65  4:58  Probe  
  71  5:00  Probe (Chrono Boost)  
  76  5:09  Probe (Chrono Boost), Assimilator  
  76  5:10  Probe (Chrono Boost)  
  76  5:11  Assimilator  
  76  5:12  Probe (Chrono Boost)  
  79  5:18  Pylon  
  79  5:19  Probe (Chrono Boost)  
  79  5:20  Probe x2 (Chrono Boost)  
  82  5:24  Probe (Chrono Boost)  
  82  5:27  Pylon  
  83  5:30  Void Ray  
  83  5:36  Void Ray  
  83  5:38  Robotics Facility  
  91  5:44  Probe x2  
  93  5:52  Twilight Council, Gateway  
  93  5:53  Gateway  
  93  5:55  Probe  
  93  5:57  Probe, Gateway  
  95  6:00  Gateway  
  95  6:11  Pylon  
  95  6:14  Probe x2  
  95  6:16  Photon Cannon  
  97  6:23  Probe  
  98  6:26  Pylon x2  
  98  6:27  Observer  
  99  6:37  Templar Archives  
  99  6:40  Probe x2  
  99  6:41  Probe  
  99  6:45  Nexus  
  99  6:47  Pylon  
  102  6:49  Zealot x4  
  110  6:55  Stargate, Fleet Beacon  
  110  6:58  Stargate  
  110  7:01  Probe x2  
  109  7:17  Immortal  
  109  7:18  Zealot, High Templar x4  
  109  7:19  Zealot  
  109  7:20  Shield Battery  
  109  7:22  Shield Battery  
  125  7:24  Archon x2  
  125  7:27  Photon Cannon  
  123  7:31  Protoss Ground Weapons Level 1  
  123  7:49  Pylon  
  123  7:51  Photon Cannon, Pylon  
  123  7:52  Photon Cannon  
  123  7:54  Photon Cannon x2  
  123  7:55  Photon Cannon  
  123  7:56  Immortal, Shield Battery  
  127  8:13  Carrier x2 (Chrono Boost)  
  127  8:14  Carrier (Chrono Boost)  
  127  8:18  Flux Vanes  
  145  8:23  Photon Cannon  
  145  8:24  Photon Cannon  
  145  8:26  Photon Cannon  
  145  8:29  Probe x2  
  145  8:30  Probe  
  145  8:32  Pylon  
  148  8:34  Shield Battery  
  148  8:36  Pylon  
  146  8:48  Assimilator  
  146  8:52  Assimilator  
  146  9:02  High Templar x4  
  152  9:06  Archon  
  152  9:07  Archon  
  154  9:17  Zealot x2  
  154  9:30  Immortal (Chrono Boost)  
  151  9:34  Zealot x2  
  151  9:35  Zealot x2  
  151  9:36  Charge  
  147  9:40  Zealot x2  
  147  9:43  Protoss Ground Weapons Level 2 (Chrono Boost)  
  137  9:50  Carrier x2 (Chrono Boost)  
  137  9:52  Photon Cannon  
  149  9:53  Photon Cannon  
  149  9:54  Shield Battery  
  149  9:55  Carrier (Chrono Boost)  
  149  9:57  Shield Battery, Photon Cannon  
  149  9:59  Pylon  
  155  10:07  Immortal (Chrono Boost)  
  155  10:11  Pylon, High Templar  
  155  10:13  High Templar  
  163  10:24  Psionic Storm  
  163  10:27  Protoss Air Weapons Level 2  
  163  10:29  Shield Battery  
  163  10:31  Shield Battery  
  163  10:39  Zealot x3  
  163  10:40  Zealot  
  171  10:50  Observer  
  161  11:02  High Templar x2  
  165  11:07  Archon  
  165  11:11  Observer  
  165  11:16  Mothership (Chrono Boost)  
  165  11:18  Zealot x4  
  179  11:33  Carrier x2 (Chrono Boost)  
  190  11:54  Zealot  
  190  11:55  Zealot x2  
  190  11:57  Nexus  
  190  12:00  Carrier (Chrono Boost)  
  194  12:18  Protoss Ground Weapons Level 3 (Chrono Boost)  
  194  12:20  Pylon  
  188  12:45  Zealot x2  
  188  12:46  Zealot x4  
  198  12:54  Photon Cannon  
  198  12:55  Photon Cannon  
  198  12:57  Photon Cannon  
  198  12:58  Photon Cannon  
  198  12:59  Shield Battery  
  198  13:00  Shield Battery  
  198  13:02  Protoss Air Weapons Level 3 (Chrono Boost)  
  198  13:03  Pylon  
  178  13:16  Zealot x4  
  178  13:17  Zealot x2  
  182  13:24  Pylon  
  182  13:26  Carrier x3 (Chrono Boost)  
  182  13:30  Assimilator  
  182  13:31  Assimilator  
  182  13:33  Stargate x2  
  176  13:58  Zealot x2  
  176  13:59  Zealot x4  
  192  14:21  High Templar x4  
  192  14:22  High Templar x2  
  198  14:48  Photon Cannon  
  198  14:53  Photon Cannon  
  198  14:54  Photon Cannon  
  198  14:55  Observer  
  198  14:56  Dark Shrine  
  198  15:01  Observer  
  198  15:04  Protoss Shields Level 1 (Chrono Boost)  
  199  15:11  Robotics Bay  
  199  15:12  Protoss Air Armor Level 1  
  189  15:22  Observer  
  189  15:24  Zealot  
  192  15:41  Zealot x5  
  200  15:52  Mothership (Chrono Boost)  
  200  15:53  Pylon, Nexus  
  200  16:10  Shadow Stride  
  199  16:48  Unknown  
  199  16:51  Photon Cannon  
  199  16:53  Photon Cannon x2  
  199  16:54  Photon Cannon  
  199  16:55  Photon Cannon  
  199  16:57  Shield Battery  
  199  16:58  Pylon  
  199  17:02  Protoss Shields Level 2 (Chrono Boost)  
  199  17:13  Gateway  
  199  17:14  Blink  
  199  17:15  Gateway, Protoss Air Armor Level 2 (Chrono Boost)  
  195  17:18  Gateway, High Templar  
  195  17:19  High Templar  
  195  17:20  Pylon  
  197  17:29  Gravitic Boosters  
  195  17:33  Oracle x2 (Chrono Boost)  
  195  17:35  Observer  
  199  17:51  Dark Templar  
  200  18:16  Archon  
  198  18:20  High Templar  
  198  18:22  Photon Cannon x2  
  196  18:42  Nexus  
  196  19:06  Observer  
  159  19:32  Carrier x3 (Chrono Boost)  
  159  19:36  Carrier x2 (Chrono Boost)  
  125  19:46  Immortal  
  125  19:49  Zealot x7  
  125  19:50  Zealot x2  
  113  20:24  Void Ray x3 (Chrono Boost)  
  113  20:25  Immortal, Carrier x2 (Chrono Boost)  
  123  20:34  High Templar x4  
  123  20:35  High Templar x4  
  146  20:38  Archon  
  146  20:39  Archon x2  
  146  20:40  Archon  
  150  20:45  Mothership (Chrono Boost)  
  150  20:49  Pylon  
  158  20:55  Void Ray  
  158  20:56  Void Ray x2  
  167  21:16  Void Ray x2  
  166  21:21  Zealot x2  
  166  21:22  Zealot x2  
  179  21:27  Observer  
  179  21:31  Void Ray x2  
  176  21:38  Void Ray  
  176  21:41  High Templar x4  
  176  21:44  Void Ray  
  196  21:50  Dark Templar, Assimilator  
  196  21:53  Assimilator  
  200  22:15  Void Ray x2  
  185  22:53  Nexus  
  170  23:30  Dark Templar x5  
  177  23:42  Pylon  
  168  24:28  Pylon  
  168  24:29  Pylon  
  168  24:31  Pylon  
  168  24:50  High Templar x6  
  180  24:54  Archon x2  
  180  24:55  Archon  
  160  25:37  Assimilator  
  160  25:41  Assimilator  
  160  25:44  Zealot x3  
  160  25:46  Dark Templar  
  160  25:47  Zealot x2  
  160  25:49  Observer  
  170  26:04  Dark Templar  
  170  26:09  Mothership (Chrono Boost)  
  180  26:51  Probe  
  180  26:53  Dark Templar  
  170  27:03  Observer, Probe  
  170  27:07  Zealot x3  
  177  27:09  High Templar  
  179  27:16  Probe  
  179  27:41  Probe (Chrono Boost)  
  180  27:54  Probe  
  142  28:25  Tempest x2  
  138  28:35  Tempest  
  86  30:52  High Templar x2  
  90  30:57  Archon  
  79  31:38  Zealot  
  79  31:39  Zealot  
Show
View Real Time Build Order
Export as new Build Order

Serral Zerg - Winner!

Build Orders: Hatch First, Brood Lord Corruptor 

Get SALT Encoding   

  12  0:00  Drone  
  13  0:12  Overlord  
  13  0:16  Drone  
  14  0:30  Drone x2  
  16  0:41  Drone  
  17  0:51  Hatchery  
  17  0:55  Drone  
  17  0:58  Drone  
  18  1:09  Extractor  
  17  1:13  Spawning Pool  
  17  1:15  Drone  
  17  1:19  Drone  
  18  1:28  Drone  
  19  1:38  Drone  
  20  1:48  Overlord  
  20  2:00  Queen  
  22  2:02  Queen  
  22  2:03  Zergling x4  
  26  2:11  Metabolic Boost, Drone  
  26  2:14  Drone  
  28  2:21  Drone  
  29  2:24  Drone  
  30  2:38  Queen  
  30  2:42  Hatchery  
  31  2:47  Drone  
  31  2:48  Drone  
  31  2:51  Overlord  
  33  2:54  Drone  
  33  2:55  Drone  
  35  2:58  Drone  
  35  3:03  Overlord  
  35  3:13  Drone x4  
  35  3:14  Drone x2  
  35  3:19  Queen  
  43  3:22  Drone  
  43  3:26  Queen  
  44  3:30  Overlord  
  44  3:32  Drone  
  47  3:34  Drone  
  47  3:40  Zergling x2  
  49  3:45  Zergling x4  
  49  3:47  Overlord  
  51  3:51  Spore Crawler  
  51  3:52  Drone  
  51  3:53  Drone x4  
  55  3:57  Zergling x2  
  55  4:00  Spore Crawler, Drone  
  56  4:04  Drone  
  56  4:05  Drone  
  56  4:09  Overlord  
  58  4:14  Drone x2  
  58  4:15  Queen  
  58  4:16  Drone  
  58  4:17  Drone  
  64  4:20  Overlord  
  64  4:22  Drone  
  65  4:26  Drone x2  
  67  4:31  Roach Warren  
  67  4:32  Drone  
  67  4:35  Spore Crawler, Drone x3  
  67  4:38  Zergling x2  
  70  4:39  Overlord  
  70  4:45  Lair  
  70  4:47  Extractor, Drone x2  
  70  4:48  Extractor  
  70  4:51  Zergling x2  
  70  4:52  Drone x3  
  73  4:54  Queen  
  75  5:01  Drone x4  
  75  5:05  Overlord  
  75  5:06  Drone x2  
  81  5:12  Drone  
  82  5:15  Evolution Chamber  
  82  5:17  Extractor, Overlord  
  82  5:18  Queen  
  82  5:19  Drone x2  
  84  5:22  Drone x2  
  84  5:23  Extractor, Drone x2  
  84  5:24  Extractor, Drone  
  84  5:26  Drone  
  84  5:27  Drone  
  89  5:33  Hatchery  
  88  5:36  Drone x3  
  88  5:41  Drone x2  
  93  5:43  Zerg Melee Weapons Level 1  
  93  5:48  Spire  
  93  5:49  Drone x2  
  94  5:51  Drone x2  
  94  5:53  Glial Reconstitution  
  94  5:55  Pneumatized Carapace  
  94  5:57  Overseer  
  96  6:01  Queen  
  96  6:03  Queen  
  100  6:09  Zergling x2  
  100  6:10  Zergling x10  
  105  6:11  Drone  
  105  6:12  Drone x2  
  105  6:18  Drone x3  
  111  6:23  Drone  
  111  6:24  Drone x2  
  111  6:25  Overlord x2  
  114  6:32  Extractor x2, Drone x2  
  113  6:33  Overlord  
  113  6:34  Overlord  
  113  6:35  Overlord  
  113  6:37  Overlord  
  112  6:42  Drone  
  112  6:46  Queen x3  
  119  6:51  Drone x2  
  119  6:52  Zergling x10  
  125  6:59  Drone  
  125  7:01  Infestation Pit, Zerg Flyer Weapons Level 1  
  126  7:02  Overlord  
  126  7:05  Zergling x12  
  130  7:10  Spore Crawler  
  130  7:11  Drone  
  128  7:28  Roach x9, Baneling Nest  
  128  7:29  Roach x4  
  153  7:37  Zerg Missile Weapons Level 1  
  153  7:40  Corruptor x4  
  153  7:43  Hive  
  161  7:49  Hatchery  
  160  7:52  Overseer  
  160  7:58  Corruptor x3  
  160  8:00  Overlord  
  160  8:01  Overlord  
  160  8:03  Overlord  
  160  8:05  Overlord  
  166  8:08  Overlord  
  166  8:11  Overlord  
  166  8:12  Centrifugal Hooks  
  165  8:13  Corruptor  
  167  8:20  Corruptor x2  
  167  8:26  Drone x2  
  173  8:27  Drone x2  
  173  8:28  Baneling x9  
  173  8:31  Corruptor  
  177  8:38  Corruptor x2  
  181  8:42  Extractor  
  181  8:44  Extractor  
  181  8:45  Evolution Chamber  
  181  8:47  Corruptor x3  
  183  8:51  Roach x3  
  188  8:57  Greater Spire  
  188  8:58  Baneling x7  
  188  9:01  Drone x2  
  188  9:02  Drone x3  
  193  9:04  Adrenal Glands  
  193  9:07  Roach x2  
  197  9:15  Zergling x14  
  191  9:28  Zergling x20  
  191  9:29  Zergling x4  
  195  9:37  Roach x9  
  155  9:45  Corruptor  
  155  9:46  Corruptor x2  
  155  9:50  Corruptor  
  155  9:51  Corruptor  
  157  9:54  Baneling x4  
  157  9:55  Baneling  
  157  9:56  Corruptor  
  157  9:57  Corruptor  
  161  10:07  Corruptor x2  
  161  10:09  Viper x2  
  161  10:12  Zerg Flyer Armor Level 1  
  171  10:18  Brood Lord x2  
  171  10:20  Brood Lord  
  177  10:26  Brood Lord  
  177  10:27  Drone x4  
  183  10:31  Spore Crawler  
  183  10:32  Spore Crawler x3  
  179  10:38  Spire  
  178  10:43  Corruptor x2  
  178  10:44  Corruptor  
  178  10:45  Queen  
  178  10:47  Queen  
  187  10:52  Queen  
  187  10:54  Queen  
  187  10:56  Queen  
  190  11:04  Brood Lord x2  
  190  11:05  Brood Lord  
  190  11:10  Drone x3  
  199  11:16  Spore Crawler  
  198  11:19  Brood Lord  
  198  11:20  Zerg Melee Weapons Level 2  
  198  11:21  Zerg Ground Armor Level 1  
  200  11:26  Spore Crawler  
  200  11:27  Spore Crawler x2  
  200  11:28  Spore Crawler  
  200  11:29  Spore Crawler  
  200  11:31  Spore Crawler, Corruptor x2  
  198  11:32  Overseer  
  198  11:34  Overseer  
  195  11:43  Pathogen Glands  
  195  11:44  Drone  
  195  11:45  Ultralisk Cavern  
  195  11:50  Corruptor x2  
  199  11:59  Baneling, Zergling x2  
  199  12:00  Zergling x2  
  199  12:02  Baneling x6  
  198  12:26  Corruptor x2  
  200  12:33  Zerg Flyer Weapons Level 2  
  200  12:34  Zerg Flyer Armor Level 2  
  199  12:41  Spore Crawler x2  
  199  12:42  Spore Crawler x2, Chitinous Plating  
  199  12:43  Neural Parasite  
  199  12:44  Burrow, Spore Crawler  
  190  12:56  Zergling x8  
  190  12:57  Baneling  
  180  13:14  Zergling x2  
  180  13:15  Zergling x22  
  184  13:24  Zergling x6  
  187  13:27  Corruptor x4  
  187  13:29  Viper  
  187  13:30  Baneling  
  187  13:31  Baneling x3  
  187  13:32  Zergling x2  
  199  13:34  Zerg Ground Armor Level 2  
  188  13:50  Hatchery  
  181  13:57  Brood Lord  
  181  13:58  Brood Lord x2, Viper  
  181  14:01  Anabolic Synthesis, Corruptor x6  
  197  14:11  Baneling x4  
  197  14:12  Zergling x4  
  197  14:13  Overseer  
  197  14:14  Zerg Melee Weapons Level 3  
  197  14:16  Overseer  
  199  14:37  Spore Crawler  
  198  14:48  Overseer  
  198  14:52  Overlord  
  198  14:56  Zerg Flyer Armor Level 3, Zerg Flyer Weapons Level 3  
  199  15:00  Infestor  
  199  15:07  Hatchery  
  195  15:18  Spore Crawler  
  195  15:19  Spore Crawler x2  
  195  15:20  Zergling x8, Spore Crawler x2  
  194  15:22  Spore Crawler  
  194  15:23  Infestor x3  
  194  15:27  Hatchery  
  198  16:03  Zergling x6  
  200  16:05  Baneling x5  
  200  16:21  Unknown  
  199  16:32  Viper, Corruptor x2  
  187  16:34  Infestor x2  
  187  16:39  Spore Crawler  
  197  16:40  Spore Crawler  
  197  16:41  Spore Crawler, Drone x3  
  197  16:42  Spore Crawler  
  197  16:47  Drone  
  197  16:51  Zergling x4  
  197  16:52  Zerg Missile Weapons Level 2  
  197  16:53  Zerg Ground Armor Level 3  
  196  17:03  Zergling x8  
  196  17:08  Zergling x4  
  195  17:16  Zergling x8  
  195  17:17  Zergling x4  
  197  17:31  Baneling x6  
  195  18:11  Ultralisk x2  
  200  18:17  Ultralisk  
  193  18:27  Hatchery  
  193  18:32  Ultralisk x2  
  199  18:43  Infestor x4  
  199  19:06  Infestor x5  
  181  19:26  Unknown  
  180  19:31  Hatchery  
  180  19:32  Corruptor  
  180  19:33  Corruptor x9  
  180  19:37  Viper  
  194  19:49  Viper  
  197  19:59  Overseer  
  197  20:04  Drone x6  
  197  20:20  Hatchery  
  196  20:22  Overlord x3  
  195  20:42  Viper  
  195  20:43  Spore Crawler, Viper  
  200  21:23  Drone  
  200  21:24  Drone  
  200  21:29  Drone x4  
  200  21:30  Zergling x10, Drone x18  
  200  21:31  Zergling x2  
  200  21:46  Hatchery  
  199  21:51  Hatchery  
  199  21:52  Hatchery  
  197  21:55  Infestor  
  197  21:56  Zergling x2  
  201  22:14  Unknown  
  197  22:26  Hatchery  
  197  22:27  Zergling x6  
  199  23:12  Zergling x2  
  184  23:33  Drone x8  
  176  23:34  Drone x6  
  176  23:37  Corruptor  
  176  23:38  Corruptor x13  
  196  23:48  Zergling x6  
  196  23:50  Overseer  
  198  23:56  Drone x6  
  198  23:57  Zergling x2  
  198  24:02  Infestor x2  
  186  24:26  Hatchery  
  184  24:39  Infestor x3  
  190  24:47  Hatchery  
  189  24:58  Brood Lord x4  
  189  24:59  Corruptor  
  199  25:10  Hatchery  
  189  25:23  Corruptor x6  
  189  25:27  Viper  
  199  25:33  Spore Crawler  
  199  25:34  Spore Crawler  
  197  25:35  Spore Crawler  
  197  25:36  Spore Crawler x2  
  197  25:41  Viper  
  197  25:43  Drone x2  
  197  26:10  Zergling x2  
  197  26:11  Zergling x2  
  199  26:24  Extractor  
  198  26:27  Ultralisk x3  
  198  26:31  Extractor  
  197  26:38  Zergling x6  
  197  26:48  Infestor  
  195  27:09  Zergling x2  
  195  27:10  Zergling x8  
  197  27:37  Drone  
  197  27:38  Drone x2  
  198  28:05  Drone  
  198  28:06  Drone  
  197  28:27  Drone x2  
  198  28:44  Hatchery  
  197  28:59  Drone  
  197  29:00  Drone  
  199  29:43  Drone x19  
  198  30:06  Viper x3  
  193  30:16  Drone x2  
  193  30:17  Drone x2  
  193  30:18  Zergling x6  
  181  30:36  Ultralisk x2  
  181  30:37  Extractor x2  
  181  30:39  Corruptor  
  181  30:40  Corruptor x4  
  189  30:53  Drone x3  
  189  30:56  Zergling x12  
  180  31:50  Drone x9  

Tags
 
Add a new tag
Caveats
  • Supply blocks, unpowered buildings, or Contaminate may cause inaccurate times.
  • Supply counts are checked every 10 seconds.